Map: Prion Terraces

Players

Thorminator

  • Race: Zerg Zerg
  • League: Master

Miszu - Winner!

  • Race: Terran Terran
  • League: Grandmaster

VOD

Have the link to the VOD?

Description

Time

  • Played on: Feb. 20, 2016, 2:09 p.m.
  • Length: 7:11
Show
View Real Time Build Order
Export as new Build Order

Thorminator Zerg 

Build Orders: Hatch First 

Get SALT Encoding   

  12  0:00  Drone  
  13  0:13  Overlord  
  13  0:19  Drone  
  14  0:31  Drone x2  
  14  0:35  Drone  
  17  0:52  Hatchery  
  17  0:55  Drone  
  17  0:57  Drone  
  18  1:09  Extractor  
  17  1:12  Spawning Pool  
  17  1:15  Drone  
  18  1:18  Drone  
  18  1:29  Drone  
  19  1:40  Overlord  
  19  2:02  Queen  
  19  2:03  Zergling x4  
  19  2:04  Queen  
  19  2:05  Zergling x2  
  26  2:10  Metabolic Boost  
  26  2:14  Drone  
  27  2:17  Drone  
  28  2:25  Drone  
  28  2:26  Drone  
  30  2:33  Drone  
  31  2:39  Queen  
  31  2:42  Overlord  
  34  2:44  Drone  
  34  2:48  Drone  
  35  2:54  Drone  
  36  3:02  Overlord  
  36  3:03  Hatchery  
  36  3:04  Drone  
  35  3:12  Baneling Nest  
  34  3:13  Drone x3  
  34  3:14  Drone  
  38  3:26  Drone x4  
  42  3:31  Extractor  
  41  3:35  Overlord, Drone  
  41  3:39  Lair  
  42  3:42  Drone  
  42  3:48  Extractor x2  
  42  3:50  Drone x6  
  47  3:56  Zergling x4  
  49  4:03  Zergling x2  
  49  4:08  Zergling x2  
  51  4:17  Drone  
  51  4:18  Overlord  
  51  4:19  Zergling x6  
  51  4:20  Queen  
  51  4:23  Zergling x2  
  51  4:24  Zergling x4  
  59  4:26  Baneling  
  59  4:27  Baneling x3  
  59  4:29  Zergling x2  
  59  4:30  Zergling x2  
  61  4:41  Spire  
  61  4:42  Drone  
  61  4:43  Zergling x4  
  61  4:44  Overlord  
  63  4:55  Zergling x2  
  63  4:56  Zergling x8  
  54  5:00  Zergling x10  
  54  5:02  Baneling x4  
  44  5:22  Zergling x8  
  44  5:23  Zergling x4  
  47  5:30  Zergling x14  
  50  5:42  Drone x3  
  52  5:44  Drone  
  52  5:49  Drone  
  53  5:50  Drone  
  53  5:57  Spire  
  51  6:13  Zergling x8  
  51  6:14  Zergling x6  
  57  6:20  Zergling x8  
  61  6:26  Baneling  
  61  6:27  Baneling x8  
  61  6:36  Overlord  
  64  6:40  Drone  
  64  6:41  Drone x2  
  64  6:42  Drone  
Show
View Real Time Build Order
Export as new Build Order

Miszu Terran - Winner!

Build Orders: Command Center First (CC), MMM Bio 

Get SALT Encoding   

  12  0:00  SCV  
  13  0:13  SCV  
  14  0:17  Supply Depot  
  14  0:25  SCV  
  15  0:38  SCV  
  16  0:50  SCV  
  17  0:59  Command Center  
  17  1:03  SCV  
  18  1:15  SCV  
  18  1:17  Barracks  
  19  1:27  SCV  
  19  1:28  Barracks  
  20  1:39  SCV  
  21  1:41  Barracks  
  21  1:45  Refinery  
  21  1:51  SCV  
  22  2:03  SCV  
  23  2:11  Marine  
  23  2:14  Orbital Command  
  25  2:19  Marine  
  25  2:23  Orbital Command  
  25  2:28  Barracks Tech Lab  
  25  2:29  Marine  
  26  2:36  Marine  
  27  2:39  Barracks  
  27  2:42  SCV  
  28  2:46  Barracks  
  28  2:49  Marine  
  29  2:51  Marine  
  29  2:52  SCV  
  29  2:54  SCV  
  29  2:57  Marine  
  33  3:03  Combat Shields  
  33  3:04  SCV  
  34  3:06  Marine  
  34  3:07  SCV  
  36  3:13  Supply Depot, Marine  
  36  3:14  Marine  
  38  3:20  Supply Depot  
  38  3:25  Refinery  
  38  3:34  Marine x5  
  38  3:35  Supply Depot, SCV  
  38  3:41  SCV  
  45  3:44  Supply Depot  
  45  3:47  SCV  
  46  3:52  Marine x4  
  46  3:53  Factory, SCV  
  51  3:58  Supply Depot, Marine  
  52  4:07  SCV  
  52  4:09  SCV  
  54  4:10  Marine x2  
  54  4:11  Barracks Reactor  
  54  4:12  Barracks Reactor  
  54  4:14  Refinery  
  54  4:16  Marine  
  57  4:24  Supply Depot  
  57  4:25  SCV  
  57  4:26  SCV  
  57  4:28  Marine  
  57  4:30  Barracks Reactor  
  60  4:33  Stimpack  
  60  4:37  Engineering Bay, SCV  
  61  4:38  SCV  
  61  4:41  Marine  
  63  4:45  Marine  
  63  4:48  Supply Depot  
  63  4:49  SCV  
  63  4:50  SCV  
  65  5:00  Marine x2  
  65  5:01  SCV  
  65  5:02  Starport  
  65  5:03  Factory Reactor  
  65  5:04  SCV  
  69  5:13  SCV  
  70  5:22  Marine x4  
  70  5:23  Marine x4  
  70  5:24  SCV  
  70  5:25  SCV  
  67  5:32  Refinery  
  65  5:36  SCV  
  65  5:37  Supply Depot, SCV  
  65  5:40  Marine x5  
  65  5:41  Marine  
  65  5:42  Marine x2  
  75  5:46  Medivac x2  
  77  5:53  Factory Reactor  
  75  5:58  Marine x6  
  75  6:00  Marine x2  
  83  6:06  Supply Depot  
  83  6:07  SCV  
  84  6:15  Marine  
  84  6:16  Marine x5, Medivac  
  84  6:17  Marine  
  84  6:18  Marine  
  94  6:19  Medivac  
  94  6:24  Supply Depot  
  96  6:30  Supply Depot, Widow Mine x2  
  100  6:33  Marine x2  
  100  6:34  Marine x4  
  100  6:35  Marine  
  100  6:38  Marauder  
  109  6:51  Marine x4  
  109  6:52  Marine  
Tags
 
Add a new tag
Caveats
  • Supply blocks, unpowered buildings, or Contaminate may cause inaccurate times.
  • Supply counts are checked every 10 seconds.